[ AOE2 MATCH · #506522879 ]
UnrankedBritons vs Incas
Player's team · LOSS
Rival team · WIN
[ REPLAY ANALYSIS · EXTRACTED FROM THE RECORDED GAME ]
Feudal
8:25
Castle
20:22
Imperial
—
| APM avg | 75.4 |
| APM peak | 129 |
| eAPM avg | 34.2 |
| Villagers / military | 96 / 67 |
Focus
⚔️ 55.8% · 🌾 44.2%
Knight ×43 · Archer ×24
Feudal
17:17
Castle
24:10
Imperial
—
| APM avg | 52.1 |
| APM peak | 69 |
| eAPM avg | 24.8 |
| Villagers / military | 62 / 14 |
Focus
⚔️ 43.0% · 🌾 57.0%
Unknown (2550) ×63 · Monk ×7 · Spearman ×7
Match map
Initial resources + every placement click. Lines = walls · curves = elevation contours. ◆ gold · ⬟ stone · ● berries · ✦ relic · ◌ wall gap
Your base· ✓ Closed at 20:22 · 48t walls · no gate
JOJO ROAD ROLLER's base· Open — opponent sealed themselves in
Smoothed initial terrain · ◌ = detected wall gap · hover for details
Inputs per minute
— MicroDA - - JOJO ROAD ROLLER
Build order — MicroDA
First 150 of 265 actions detected
| 0:00 | Queue | Villager (Male) |
| 0:00 | Queue | Villager (Male) |
| 0:01 | Build | House |
| 0:02 | Build | House |
| 0:08 | Queue | Villager (Male) |
| 0:13 | Queue | Villager (Male) |
| 1:16 | Queue | Villager (Male) |
| 1:32 | Queue | Villager (Male) |
| 1:32 | Queue | Villager (Male) |
| 1:43 | Build | Lumber Camp |
| 1:49 | Queue | Villager (Male) |
| 2:20 | Queue | Villager (Male) |
| 2:20 | Queue | Villager (Male) |
| 2:43 | Queue | Villager (Male) |
| 2:43 | Queue | Villager (Male) |
| 3:12 | Queue | Villager (Male) |
| 3:26 | Queue | Villager (Male) |
| 3:45 | Queue | Villager (Male) |
| 3:46 | Queue | Villager (Male) |
| 3:51 | Build | House |
| 3:55 | Queue | Villager (Male) |
| 4:48 | Queue | Villager (Male) |
| 4:56 | Queue | Villager (Male) |
| 5:02 | Queue | Villager (Male) |
| 5:25 | Build | Mining Camp |
| 5:35 | Research | Loom |
| 5:36 | Queue | Villager (Male) |
| 6:08 | Build | Palisade Wall |
| 6:14 | Research | Feudal Age |
| 6:14 | Research | Feudal Age |
| 6:31 | Build | Palisade Wall |
| 7:10 | Build | House |
| 7:12 | Build | Palisade Wall |
| 7:13 | Build | Palisade Wall |
| 7:19 | Queue | Villager (Male) |
| 7:24 | Queue | Villager (Male) |
| 7:48 | Queue | Villager (Male) |
| 7:57 | Build | Barracks |
| 8:02 | Queue | Villager (Male) |
| 8:03 | Queue | Villager (Male) |
| 8:25 | Queue | Villager (Male) |
| 8:25 | Age | Feudal Age |
| 8:30 | Build | Palisade Wall |
| 8:32 | Build | Palisade Wall |
| 8:41 | Queue | Villager (Male) |
| 8:46 | Queue | Villager (Male) |
| 8:50 | Queue | Villager (Male) |
| 8:53 | Build | Archery Range |
| 8:57 | Queue | Villager (Male) |
| 9:00 | Queue | Villager (Male) |
| 9:09 | Queue | Villager (Male) |
| 9:11 | Queue | Villager (Male) |
| 9:34 | Queue | Villager (Male) |
| 9:35 | Queue | Archer |
| 9:35 | Queue | Archer |
| 9:35 | Queue | Archer |
| 9:51 | Queue | Villager (Male) |
| 10:12 | Build | Mill |
| 10:37 | Build | Mill |
| 10:39 | Queue | Archer |
| 10:40 | Build | House |
| 11:03 | Build | Farm |
| 11:03 | Build | Farm |
| 11:08 | Queue | Archer |
| 11:13 | Build | Farm |
| 11:16 | Build | Palisade Wall |
| 11:16 | Build | Palisade Wall |
| 11:17 | Build | Palisade Wall |
| 11:26 | Build | Farm |
| 11:33 | Queue | Archer |
| 11:45 | Build | Palisade Wall |
| 11:48 | Build | Palisade Wall |
| 11:50 | Build | Palisade Wall |
| 12:14 | Build | Blacksmith |
| 12:15 | Queue | Archer |
| 12:18 | Build | House |
| 12:22 | Research | Town Watch |
| 12:23 | Queue | Archer |
| 12:26 | Queue | Villager (Male) |
| 12:33 | Queue | Villager (Male) |
| 12:36 | Build | House |
| 12:52 | Queue | Archer |
| 12:53 | Research | Fletching |
| 12:56 | Queue | Villager (Male) |
| 13:23 | Build | Farm |
| 13:24 | Build | Farm |
| 13:24 | Build | Farm |
| 13:25 | Queue | Villager (Male) |
| 13:29 | Queue | Archer |
| 13:30 | Queue | Archer |
| 13:43 | Queue | Archer |
| 13:46 | Build | Farm |
| 13:56 | Queue | Villager (Male) |
| 13:56 | Queue | Villager (Male) |
| 13:57 | Queue | Villager (Male) |
| 14:03 | Build | Farm |
| 14:14 | Build | Farm |
| 14:18 | Build | House |
| 14:20 | Build | House |
| 14:30 | Queue | Villager (Male) |
| 14:35 | Queue | Archer |
| 14:38 | Queue | Villager (Male) |
| 14:38 | Queue | Villager (Male) |
| 14:50 | Queue | Archer |
| 15:07 | Build | Lumber Camp |
| 15:10 | Build | Palisade Wall |
| 15:24 | Queue | Archer |
| 15:24 | Queue | Archer |
| 15:35 | Build | Farm |
| 15:36 | Queue | Villager (Male) |
| 15:51 | Queue | Archer |
| 15:53 | Queue | Villager (Male) |
| 15:54 | Queue | Villager (Male) |
| 15:57 | Build | Farm |
| 15:58 | Queue | Villager (Male) |
| 15:58 | Queue | Villager (Male) |
| 16:03 | Queue | Villager (Male) |
| 16:36 | Queue | Villager (Male) |
| 16:41 | Build | Market |
| 16:44 | Queue | Villager (Male) |
| 16:50 | Queue | Archer |
| 16:52 | Queue | Archer |
| 17:09 | Build | House |
| 17:11 | Build | House |
| 17:23 | Queue | Archer |
| 17:42 | Research | Castle Age |
| 17:51 | Build | House |
| 17:52 | Build | House |
| 17:54 | Build | House |
| 18:12 | Queue | Villager (Male) |
| 18:17 | Build | House |
| 18:17 | Build | Palisade Wall |
| 18:19 | Queue | Villager (Male) |
| 18:23 | Build | Palisade Wall |
| 18:24 | Build | Palisade Wall |
| 18:24 | Queue | Villager (Male) |
| 18:27 | Build | House |
| 18:33 | Build | Palisade Wall |
| 18:42 | Build | Palisade Wall |
| 18:49 | Queue | Archer |
| 18:49 | Queue | Archer |
| 19:03 | Build | House |
| 19:04 | Queue | Villager (Male) |
| 19:11 | Queue | Archer |
| 19:26 | Build | House |
| 19:48 | Build | Farm |
| 19:50 | Build | Farm |
| 19:53 | Build | Farm |
| 20:07 | Build | Stable |
| 20:09 | Research | Forging |
Build order — JOJO ROAD ROLLER
First 150 of 240 actions detected
| 0:00 | Queue | Villager (Male) ×4 |
| 0:02 | Build | House |
| 1:18 | Build | Barracks |
| 1:23 | Queue | Villager (Male) |
| 1:43 | Queue | Villager (Male) |
| 2:04 | Queue | Villager (Male) |
| 2:28 | Queue | Unit 2550 |
| 2:29 | Queue | Unit 2550 |
| 2:46 | Queue | Villager (Male) |
| 3:21 | Queue | Villager (Male) |
| 3:21 | Queue | Villager (Male) |
| 3:41 | Build | House |
| 3:46 | Queue | Villager (Male) |
| 4:00 | Queue | Unit 2550 |
| 4:09 | Queue | Villager (Male) |
| 4:26 | Queue | Unit 2550 |
| 4:34 | Queue | Villager (Male) |
| 4:58 | Queue | Villager (Male) |
| 5:06 | Queue | Unit 2550 |
| 5:19 | Build | House |
| 5:28 | Queue | Villager (Male) |
| 5:56 | Queue | Villager (Male) |
| 5:56 | Queue | Villager (Male) |
| 6:02 | Build | House |
| 6:16 | Queue | Villager (Male) |
| 6:20 | Queue | Villager (Male) |
| 6:24 | Queue | Unit 2550 |
| 6:43 | Queue | Villager (Male) |
| 7:07 | Queue | Villager (Male) |
| 7:21 | Queue | Villager (Male) |
| 7:28 | Queue | Unit 2550 |
| 7:29 | Queue | Villager (Male) |
| 7:51 | Build | Settlement |
| 8:09 | Queue | Unit 2550 |
| 8:42 | Queue | Villager (Male) |
| 8:52 | Queue | Unit 2550 |
| 9:07 | Queue | Villager (Male) |
| 9:10 | Build | House |
| 9:12 | Build | Palisade Wall |
| 9:38 | Queue | Villager (Male) |
| 9:41 | Queue | Unit 2550 |
| 9:57 | Queue | Villager (Male) |
| 10:11 | Build | Settlement |
| 10:36 | Queue | Unit 2550 |
| 10:37 | Queue | Villager (Male) |
| 10:55 | Build | Farm |
| 10:56 | Queue | Villager (Male) |
| 11:07 | Build | Farm |
| 11:17 | Queue | Villager (Male) |
| 11:22 | Build | House |
| 11:23 | Build | Palisade Wall |
| 11:24 | Build | Palisade Wall |
| 11:28 | Build | Palisade Wall |
| 11:29 | Build | Palisade Wall |
| 11:37 | Research | Loom |
| 11:41 | Build | Farm |
| 11:52 | Queue | Villager (Male) |
| 11:54 | Build | Farm |
| 11:57 | Build | Farm |
| 12:24 | Queue | Unit 2550 |
| 12:25 | Queue | Villager (Male) |
| 12:31 | Build | Palisade Wall |
| 12:47 | Build | Farm |
| 12:59 | Queue | Unit 2550 |
| 13:09 | Queue | Villager (Male) |
| 13:22 | Build | Farm |
| 13:29 | Build | House |
| 13:30 | Build | House |
| 13:34 | Queue | Villager (Male) |
| 13:37 | Build | Farm |
| 13:39 | Build | Farm |
| 13:54 | Queue | Villager (Male) |
| 13:56 | Queue | Villager (Male) |
| 13:57 | Build | House |
| 14:03 | Build | Farm |
| 14:07 | Queue | Unit 2550 |
| 14:19 | Build | Farm |
| 14:31 | Build | Farm |
| 14:38 | Build | House |
| 15:03 | Build | Palisade Wall |
| 15:04 | Build | Palisade Wall |
| 15:07 | Research | Feudal Age |
| 15:18 | Build | Settlement |
| 15:38 | Build | House |
| 15:41 | Build | House |
| 15:47 | Build | House |
| 15:51 | Build | House |
| 15:53 | Build | Palisade Wall |
| 15:57 | Queue | Unit 2550 |
| 16:15 | Build | Farm |
| 16:29 | Build | Farm |
| 16:38 | Queue | Unit 2550 |
| 16:40 | Build | Settlement |
| 16:45 | Build | Barracks |
| 16:51 | Build | Palisade Wall |
| 16:53 | Queue | Villager (Male) |
| 16:54 | Queue | Unit 2550 |
| 17:15 | Queue | Villager (Male) |
| 17:17 | Age | Feudal Age |
| 17:19 | Research | Tech 1402 |
| 17:19 | Research | Tech 1402 |
| 17:24 | Build | Blacksmith |
| 17:27 | Queue | Unit 2550 |
| 17:34 | Queue | Unit 2550 |
| 17:43 | Queue | Unit 2550 |
| 17:46 | Build | Farm |
| 17:52 | Queue | Villager (Male) |
| 17:57 | Build | Farm |
| 18:01 | Queue | Unit 2550 |
| 18:04 | Queue | Unit 2550 |
| 18:04 | Research | Scale Mail Armor |
| 18:10 | Build | Outpost |
| 18:15 | Queue | Unit 2550 |
| 18:27 | Research | Double-Bit Axe |
| 18:27 | Research | Double-Bit Axe |
| 18:28 | Queue | Villager (Male) |
| 18:35 | Queue | Unit 2550 |
| 18:44 | Build | Farm |
| 18:48 | Queue | Villager (Male) |
| 19:10 | Build | House |
| 19:13 | Queue | Villager (Male) |
| 19:20 | Build | Market |
| 19:29 | Queue | Villager (Male) |
| 19:34 | Queue | Unit 2550 |
| 19:42 | Research | Horse Collar |
| 19:48 | Queue | Unit 2550 |
| 19:51 | Research | Arson |
| 19:51 | Research | Arson |
| 20:17 | Research | Forging |
| 20:17 | Research | Forging |
| 20:19 | Queue | Villager (Male) |
| 20:21 | Build | Farm |
| 20:22 | Build | Farm |
| 20:24 | Build | Farm |
| 20:28 | Queue | Villager (Male) |
| 20:52 | Build | Farm |
| 21:30 | Research | Castle Age |
| 21:33 | Queue | Unit 2550 |
| 21:34 | Queue | Unit 2550 |
| 21:40 | Build | Farm |
| 21:46 | Build | Outpost |
| 21:49 | Build | Outpost |
| 21:53 | Queue | Unit 2550 |
| 22:05 | Queue | Unit 2550 |
| 22:21 | Queue | Villager (Male) |
| 22:24 | Research | Gold Mining |
| 22:45 | Build | Barracks |
| 22:50 | Queue | Unit 2550 |
| 22:50 | Queue | Unit 2550 |
| 22:54 | Build | Outpost |
Match timeline
| 1:18 | JOJO ROAD ROLLER · first_building Barracks |
| 6:08 | MicroDA · wall_segment Palisade Wall x1 |
| 6:31 | MicroDA · wall_segment Palisade Wall x1 |
| 7:12 | MicroDA · wall_segment Palisade Wall x1 |
| 7:13 | MicroDA · wall_segment Palisade Wall x1 |
| 7:57 | MicroDA · first_building Barracks |
| 8:25 | MicroDA · age_up feudal |
| 8:30 | MicroDA · wall_segment Palisade Wall x1 |
| 8:32 | MicroDA · wall_segment Palisade Wall x1 |
| 8:53 | MicroDA · first_building Archery Range |
| 9:12 | JOJO ROAD ROLLER · wall_segment Palisade Wall x14 |
| 11:16 | MicroDA · wall_segment Palisade Wall x1 |
| 11:16 | MicroDA · wall_segment Palisade Wall x1 |
| 11:17 | MicroDA · wall_segment Palisade Wall x1 |
| 11:23 | JOJO ROAD ROLLER · wall_segment Palisade Wall x4 |
| 11:24 | JOJO ROAD ROLLER · wall_segment Palisade Wall x11 |
| 11:28 | JOJO ROAD ROLLER · wall_segment Palisade Wall x4 |
| 11:29 | JOJO ROAD ROLLER · wall_segment Palisade Wall x4 |
| 11:45 | MicroDA · wall_segment Palisade Wall x1 |
| 11:48 | MicroDA · wall_segment Palisade Wall x1 |
| 11:50 | MicroDA · wall_segment Palisade Wall x1 |
| 12:31 | JOJO ROAD ROLLER · wall_segment Palisade Wall x19 |
| 15:03 | JOJO ROAD ROLLER · wall_segment Palisade Wall x3 |
| 15:04 | JOJO ROAD ROLLER · wall_segment Palisade Wall x1 |
| 15:10 | MicroDA · wall_segment Palisade Wall x1 |
| 15:53 | JOJO ROAD ROLLER · wall_segment Palisade Wall x1 |
| 16:51 | JOJO ROAD ROLLER · wall_segment Palisade Wall x4 |
| 17:17 | JOJO ROAD ROLLER · age_up feudal |
| 17:33 | MicroDA · first_market_sell 100 stone |
| 17:37 | MicroDA · first_market_buy 100 food |
| 18:17 | MicroDA · wall_segment Palisade Wall x1 |
| 18:23 | MicroDA · wall_segment Palisade Wall x2 |
| 18:24 | MicroDA · wall_segment Palisade Wall x5 |
| 18:33 | MicroDA · wall_segment Palisade Wall x11 |
| 18:42 | MicroDA · wall_segment Palisade Wall x17 |
| 20:07 | MicroDA · first_building Stable |
| 20:22 | MicroDA · age_up castle |
| 21:02 | MicroDA · wall_segment Palisade Wall x1 |
| 21:06 | JOJO ROAD ROLLER · first_market_buy 500 food |
| 21:21 | JOJO ROAD ROLLER · first_market_sell 100 wood |
| 22:32 | MicroDA · wall_segment Palisade Wall x1 |
| 24:10 | JOJO ROAD ROLLER · age_up castle |
| 25:00 | JOJO ROAD ROLLER · first_building Monastery |
| 30:17 | MicroDA · resign |
[ AI ANALYSIS · 1 CREDIT ]
What really happened in this match?
Wolo.gg analyzes every decision: build order, eco, micro, common mistakes by bracket. Personalized analysis on WhatsApp or Discord in 30 seconds.
Civ guide
Britons
Perfil
MicroDA